 Dungeon Crawl Stone Soup version 0.18.1-48-g4cf74bf (webtiles) character file.

369 Krovax2 the Digger (level 6, -1/32 HPs)
             Began as a Gargoyle Earth Elementalist on July 22, 2016.
             Killed from afar by an orc wizard (5 damage)
             ... with a puff of flame
             ... on level 4 of the Dungeon.
             The game lasted 00:21:59 (3999 turns).

Krovax2 the Digger (Gargoyle Earth Elementalist)    Turns: 3999, Time: 00:22:00

Health: -1/32      AC:  7    Str: 12    XL:     6   Next: 70%
Magic:  12/13      EV: 12    Int: 17    God:
Gold:   238        SH:  0    Dex: 10    Spells: 2 memorised, 10 levels left

rFire  . . .     SeeInvis .     b - 86 stones
rCold  . . .     Gourm    .     a - +1 robe
rNeg   + . .     Faith    .     (no shield)
rPois  ∞         Spirit   .     (no helmet)
rElec  +         Dismiss  .     (no cloak)
rCorr  .         Reflect  .     (no gloves)
SustAt .         Harm     .     (no boots)
MR     .....                    (no amulet)
Stlth  +.........               (no ring)
                                (no ring)

@: confused, not resistant to hostile enchantments, very unstealthy
A: negative energy resistance 1, electricity resistance, unbreathing,
petrification resistance, rot immunity, AC +4
a: no special abilities


You were on level 4 of the Dungeon.
You were not hungry.

You visited 1 branch of the dungeon, and saw 4 of its levels.

You collected 238 gold pieces.

Inventory:

Hand Weapons
 f - a +0 club
 g - a +0 whip
 l - a cursed +0 club
 p - a +1 dagger of venom
Missiles
 b - 86 stones (in hand)
Armour
 a - a +1 robe (worn)
 o - a +0 leather armour
 s - a +1 leather armour of cold resistance
 w - a +2 buckler
Magical Staves
 u - a cursed staff of cold
Jewellery
 v - a cursed ring of teleportation {unknown}
 x - a cursed ring of teleportation {unknown}
 C - an uncursed ring of positive energy {unknown}
Scrolls
 e - 2 scrolls of identify
 h - 4 scrolls of enchant armour
 i - 2 scrolls of remove curse {unknown}
 n - 2 scrolls of magic mapping {unknown}
 r - a scroll of amnesia {unknown}
 y - a scroll of immolation {unknown}
 B - a scroll of blinking {unknown}
Potions
 j - a potion of haste {unknown}
 k - a potion of ambrosia
 t - a potion of berserk rage {unknown}
 z - a potion of might {unknown}
 A - a potion of resistance {unknown}
Books
 c - a book of Geomancy

   Spells                             Type                      Level
   a - Sandblast                      Earth                        1
   b - Passwall                       Transmutation/Earth          2
   c - Stone Arrow                    Conjuration/Earth            3
   d - Petrify                        Transmutation/Earth          4
   e - Lee's Rapid Deconstruction     Earth                        5
Comestibles
 d - a bread ration
 m - a chunk of flesh
 q - 2 meat rations


   Skills:
 - Level 1.7 Dodging
 - Level 2.1 Stealth
 * Level 4.9 Spellcasting
 + Level 2.1 Conjurations
   Level 0.7 Transmutations
 + Level 5.6 Earth Magic


You had 10 spell levels left.
You knew the following spells:

 Your Spells              Type           Power        Failure   Level  Hunger
a - Sandblast             Erth           ###...       1%          1    None
b - Stone Arrow           Conj/Erth      ###...       10%         3    ###....


Dungeon Overview and Level Annotations

Branches:
Dungeon (4/15)
 Temple: D:4-7

Altars:
Sif Muna


Innate Abilities, Weirdness & Mutations

You are resistant to torment.
Your stone body is resilient (AC +4).
You are immune to poison.
You resist negative energy.
You are resistant to electric shocks.
You can survive without breathing.
You are immune to petrification.
You are immune to rotting.


Message History

You are confused.
You hear some strange, mumbled words.
You are more confused.
You bump into the rock wall.
You hear some strange, mumbled words.
A puff of flame appears from out of thin air!
The puff of flame hits you!
You bump into the rock wall.
Something completely misses you.
You bump into the rock wall.
You hear some strange, mumbled words.
A puff of flame appears from out of thin air!
The puff of flame hits you!
* * * LOW HITPOINT WARNING * * *
It was a potion of ambrosia.
You are more confused.
You feel invigorated.
You hear some strange, mumbled words.
A puff of flame appears from out of thin air!
The puff of flame hits you!
You die...

.. '#.................# ..
...................# ..
.#................## ..
......)(((.........# ##
.#..###)##..###..###
#..###.##...##..###
#......(..........# .
#..###.####.##..### .. #
#@####.##..# .. #..........#
#.####.##..### ###.#
#.##....#
............####.##..###
....#...................# ..
................#.##).###
............................#
..#.........................#


There were no monsters in sight!

Vanquished Creatures
  An ogre (D:4)
  A scorpion (D:4)
  A quasit (D:3)
  2 hounds
  An orc wizard (D:4)
  5 adders
  An adder skeleton (D:4)
  A worm (D:2)
  2 dart slugs
  A giant gecko (D:4)
  3 orcs (D:4)
  4 giant cockroaches
  4 goblins
  7 hobgoblins
  3 jackals (D:4)
  2 quokkas (D:3)
  A ball python skeleton (D:4)
  4 bats
  A giant gecko skeleton (D:4)
  5 giant newts
  6 kobolds
  11 rats
67 creatures vanquished.

Notes
Turn   | Place    | Note
--------------------------------------------------------------
     0 | D:1      | Krovax2 the Gargoyle Earth Elementalist began the quest for the Orb.
     0 | D:1      | Reached XP level 1. HP: 10/10 MP: 3/3
   444 | D:1      | Reached XP level 2. HP: 13/15 MP: 0/5
   942 | D:1      | Reached skill level 4 in Earth Magic
  1285 | D:1      | Reached XP level 3. HP: 19/19 MP: 7/7
  1614 | D:2      | Found a faded altar to an unknown god.
  2381 | D:3      | Reached XP level 4. HP: 21/24 MP: 2/9
  2584 | D:3      | Learned a level 3 spell: Stone Arrow
  2610 | D:3      | Found a deep blue altar of Sif Muna.
  2841 | D:3      | Reached XP level 5. HP: 23/28 MP: 5/10
  2906 | D:3      | Reached skill level 5 in Earth Magic
  3263 | D:4      | Noticed an ogre
  3273 | D:4      | Killed an ogre
  3273 | D:4      | Reached skill level 1 in Conjurations
  3273 | D:4      | Reached XP level 6. HP: 32/32 MP: 4/12
  3998 | D:4      | HP: 1/32 [something/puff of flame (11)]
  3999 | D:4      | Killed from afar by an orc wizard

Skill      XL: |  1  2  3  4  5  6 |
---------------+-------------------+-----
Earth Magic    | 4 5 |  5.6
Spellcasting   | 3 4 |  4.9
Conjurations   | 1 2 |  2.1
Dodging        | |  1.7
Stealth        | |  2.1
Transmutations | |  0.7

Action                   |  1- 3 |  4- 6 || total
-------------------------+-------+-------++-------
Melee: Whip              |    75 |       ||    75
       Unarmed           |     2 |       ||     2
       Dagger            |       |    58 ||    58
 Cast: Sandblast         |    45 |    35 ||    80
       Stone Arrow       |       |     3 ||     3
  Use: Scroll            |       |     3 ||     3
       Potion            |       |     1 ||     1
 Stab: Sleeping          |     1 |     2 ||     3
  Eat: Chunk             |     5 |     5 ||    10
Armor: Robe              |    43 |    21 ||    64
Dodge: Dodged            |    87 |    53 ||   140
